 Dungeon Sprint DCSS version 0.28.0-53-g5a82cb258f (webtiles) character file.

Game seed: 12544459398201250381

28 Zeld the Skirmisher (level 2, 0/29 HPs)
             Began as a Minotaur Berserker on June 4, 2022.
             Was a Believer of Trog.
             Slain by a human (2 damage)
             ... in the Dungeon (Sprint III: "The Ten Rune Challenge").
             The game lasted 00:00:11 (378 turns).

Zeld the Skirmisher (Minotaur Berserker)             Turns: 378, Time: 00:00:12

Health: 0/29       AC:  2    Str: 21    XL:     2   Next: 96%
Magic:  1/1        EV: 12    Int:  4    God:    Trog [**....]
Gold:   0          SH:  0    Dex:  9    Spells: 1/1 levels left

rFire   . . .      SeeInvis .   a - +0 hand axe
rCold   . . .      Faith    .   (no shield)
rNeg    . . .      Spirit   .   b - +0 animal skin
rPois   .          Reflect  .   (helmet restricted)
rElec   .          Harm     .   (no cloak)
rCorr   .          Rampage  .   (no gloves)
Will    .....      NoTele   +   (no boots)
Stlth   +.........              (no amulet)
HPRegen 0.09/turn               (no ring)
MPRegen 0.07/turn               (no ring)

@: no status effects
A: horns 2, retaliatory headbutt
a: Renounce Religion, Berserk, Trog's Hand


You were in the Dungeon.
You worshipped Trog.
Trog was pleased with you.
You visited 1 branch

Inventory:

Hand Weapons
 a - a +0 hand axe (weapon)
Armour
 b - a +0 animal skin (worn)
Scrolls
 h - a scroll of blinking
 i - a scroll of vulnerability {unknown}
Potions
 c - a potion of curing
 d - a potion of heal wounds
 e - a potion of haste
 f - 2 potions of magic
 g - a potion of berserk rage


   Skills:
 * Level 5.5 Fighting
 * Level 5.4 Axes
 + Level 3.7 Armour
 + Level 3.3 Dodging


You had one spell level left.
You didn't know any spells.
Your spell library was empty.

Dungeon Overview and Level Annotations

Branches:
Dungeon (1/1)

Altars:


Innate Abilities, Weirdness & Mutations

You have a pair of horns on your head.
You reflexively headbutt those who attack you in melee.


Message History

You start resting.
You start resting.
You start resting.
You start resting.
You start resting.
You start resting.
You start resting.
A human comes into view.
You closely miss the human. The human hits you!
You hit the human. You headbutt the human!
The human is heavily wounded.
The human hits you but does no damage.
You hit the human but do no damage.
The human is heavily wounded.
The human closely misses you.
You closely miss the human.
You headbutt the human, but do no damage.
The human is heavily wounded.
The human hits you.
You slash the human!
The human is severely wounded.
The human completely misses you.
You barely miss the human.
You headbutt the human, but do no damage.
The human is severely wounded.
The human hits you.
You are too injured to fight recklessly!
You hit the human.
The human is severely wounded.
The human closely misses you. You furiously retaliate!
You headbutt the human.
You are too injured to fight recklessly!
You hit the human but do no damage.
The human is severely wounded.
The human hits you!
* * * LOW HITPOINT WARNING * * *
Unknown command.
You hit the human. Your headbutt misses the human.
The human is almost dead.
The human hits you.
You die...

▓#'####
▓..†..#....≈♣♣♣
▓.....#...≈≈..♣
▓.....#..≈≈≈≈.♣♣ .
▓####'#..≈≈≈≈≈≈♣..
▓[.)..#.≈≈≈≈≈≈....
▓...÷.#.≈≈≈≈≈.....
▓.....#.≈≈≈.......
▓'#####...@p......
▓.................
▓▓▓▓▓▓▓▓▓▓▓▓▓▓▓▓▓▓


You could see a human.

Vanquished Creatures
  Jessica (D)
  3 rats (D)
4 creatures vanquished.

Notes
Turn   | Place    | Note
-------+----------+-------------------------------------------
     0 | D        | Zeld the Minotaur Berserker began the quest for the Orb.
     0 | D        | Reached XP level 1. HP: 19/19 MP: 0/0
    67 | D        | Noticed Jessica
    71 | D        | Reached ** piety under Trog
    72 | D        | HP: 1/20 [Jessica/nerve-wracking pain (5)]
    73 | D        | Killed Jessica
    74 | D        | Reached skill level 5 in Fighting
    74 | D        | Reached skill level 5 in Axes
    74 | D        | Reached XP level 2. HP: 2/29 MP: 1/1
   378 | D        | Slain by a human

Illustrated notes

Levels and vault maps discovered:
D:        dungeon_sprint_mu [sprint_mu_entry_forest, sprint_mu_temple_rooms,
          sprint_mu_d1_spiders, sprint_mu_d2_genie, sprint_mu_d3_branching,
          sprint_mu_orc_legion, sprint_mu_elf_gauntlet, sprint_mu_hive_nellie,
          sprint_mu_lair_fedhas, sprint_mu_vaults_butterflies,
          sprint_mu_slime_circle, sprint_mu_shoals_kraken,
          sprint_mu_snake_twists, sprint_mu_blade_basic,
          sprint_mu_crypt_fortress, sprint_mu_tomb_spiral,
          sprint_mu_vestibule_basic, sprint_mu_gehenna_hellfire,
          sprint_mu_dis_giant, sprint_mu_tartarus_statrot,
          sprint_mu_cocytus_islands, sprint_mu_zot1]

Skill      XL: |  1 |
---------------+----+-----
Axes           | 5 |  5.4
Fighting       | 5 |  5.5
Armour         | 3 |  3.7
Dodging        | 3 |  3.3

Action                   || total
-------------------------++-------
Melee: Hand axe          ||    17
       Punch             ||     1
       Headbutt          ||     3
Armor: Animal skin       ||     3
Dodge: Dodged            ||     8
